 Dungeon Crawl Stone Soup version 0.29-a0-284-gf9362112df (webtiles) character file.

Game seed: 11510342017012788211

131 bande the Skirmisher (level 5, -3/33 HPs)
             Began as a Gargoyle Fighter on Mar 22, 2022.
             Slain by an ogre
             ... wielding a +0 giant spiked club
              (9 damage)
             ... on level 4 of the Dungeon.
             The game lasted 00:04:34 (3130 turns).

bande the Skirmisher (Gargoyle Fighter)             Turns: 3130, Time: 00:04:35

Health: -3/33      AC: 11    Str: 20    XL:     5   Next: 14%
Magic:  5/5        EV:  9    Int:  8    God:
Gold:   171        SH:  5    Dex: 11    Spells: 4/4 levels left

rFire   . . .      SeeInvis .   a - +0 war axe
rCold   . . .      Faith    .   c - +1 buckler
rNeg    + . .      Spirit   .   b - +0 scale mail
rPois   ∞          Reflect  .   (no helmet)
rElec   +          Harm     .   (no cloak)
rCorr   .          Rampage  .   (no gloves)
Will    .....                   (no boots)
Stlth   ..........              (no amulet)
HPRegen 0.11/turn               f - ring of flight
MPRegen 0.09/turn               (no ring)

@: flying
A: sickness immunity, AC +4, negative energy resistance 1, electricity
resistance, torment resistance 1, petrification resistance
a: no special abilities


You were on level 4 of the Dungeon.
You visited 1 branch of the dungeon, and saw 4 of its levels.

You collected 171 gold pieces.

Inventory:

Hand Weapons
 a - a +0 war axe (weapon)
Armour
 b - a +0 scale mail (worn)
 c - a +1 buckler (worn)
Jewellery
 f - a ring of flight (left hand)
Wands
 e - a wand of mindburst (19)
 k - a wand of charming (14)
Scrolls
 g - 2 scrolls of teleportation
 l - a scroll of identify
Potions
 d - a potion of might
 h - a potion of haste
 i - a potion of lignification {unknown}
 j - a potion of heal wounds


   Skills:
 + Level 4.3 Fighting
 + Level 3.3 Axes
 + Level 4.0 Armour
 + Level 3.6 Shields


You had 4 spell levels left.
You didn't know any spells.
Your spell library was empty.

Dungeon Overview and Level Annotations

Branches:
Dungeon (4/15)
 Temple: D:4-7

Altars:


Innate Abilities, Weirdness & Mutations

You are immune to sickness and miasma.
Your stone body is resilient. (AC +4)
You are immune to poison.
You resist negative energy. (rN+)
You are resistant to electric shocks. (rElec)
You are resistant to unholy torment.
You are immune to petrification.


Message History

l - a scroll of identify
Found a stone staircase leading down.
No target in view!
A hobgoblin comes into view.
The hobgoblin shouts!
A hobgoblin is nearby!
An ogre comes into view. It is wielding a +0 giant spiked club.
The hobgoblin hits you.
You closely miss the hobgoblin. The hobgoblin hits you.
You hit the hobgoblin.
You kill the hobgoblin!
You closely miss the ogre.
The ogre hits you with a +0 giant spiked club!!
Ouch! That really hurt!
* * * LOW HITPOINT WARNING * * *
You are too injured to fight recklessly!
You are too injured to fight recklessly!
You are too injured to fight recklessly!
You are too injured to fight recklessly!
You are too injured to fight recklessly!
You are too injured to fight recklessly!
You are too injured to fight recklessly!
You are too injured to fight recklessly!
Unknown command.
You feel much better. You block the ogre's attack.
You hit the ogre.
The ogre is moderately wounded.
The ogre hits you but does no damage.
You slash the ogre!
The ogre is heavily wounded.
You block the ogre's attack.
You hit the ogre.
The ogre is heavily wounded.
The ogre hits you with a +0 giant spiked club!!
Ouch! That really hurt!
* * * LOW HITPOINT WARNING * * *
You slash the ogre!
The ogre is severely wounded.
The ogre hits you with a +0 giant spiked club!
You die...

#.##..#.# .#.# #.....#.#
##### ...# #####.###
#.... #..# #.......#
#....####..# #.###.#.#
#..........# # #.#.#
#....$.....##.# #.#.#
#.........>...# ..#.#
#....O@....##########.#
....#..................#
. #........###########
#........# # #........#
#........# #.......##
#........ #.......#


You could see an ogre.

Vanquished Creatures
  Jessica (D:2)
  An orc wizard (D:3)
  An adder (D:3)
  3 worms
  A dart slug (D:1)
  4 orcs (D:3)
  2 bats
  8 endoplasms
  2 giant cockroaches
  5 goblins
  7 hobgoblins
  6 kobolds
  2 quokkas
  4 ball pythons
  3 frilled lizards
  4 rats
54 creatures vanquished.

Vanquished Creatures (others)
  2 fungi (D:1)
  4 plants (D:1)
6 creatures vanquished.

Grand Total: 60 creatures vanquished

Notes
Turn   | Place    | Note
-------+----------+-------------------------------------------
     0 | D:1      | bande the Gargoyle Fighter began the quest for the Orb.
     0 | D:1      | Reached XP level 1. HP: 14/14 MP: 1/1
   221 | D:1      | Reached XP level 2. HP: 17/20 MP: 2/2
   489 | D:1      | Found a faded altar of an unknown god.
  1110 | D:1      | Reached XP level 3. HP: 20/24 MP: 3/3
  1439 | D:2      | Noticed Jessica
  1443 | D:2      | Killed Jessica
  1530 | D:2      | Reached XP level 4. HP: 29/29 MP: 4/4
  2353 | D:3      | Reached XP level 5. HP: 28/33 MP: 5/5
  2609 | D:3      | Identified the +0 leather armour of Fashionability {Str+5}
  3121 | D:4      | Noticed an ogre
  3130 | D:4      | Slain by an ogre

Illustrated notes

Levels and vault maps discovered:
D:1:      amcnicky_arrival_underground_garden, layout_basic,
          shapermc_ecumenical_altar_mp_ritualfount, minmay_heptomino_l4
D:2:      layout_basic, uniq_jessica
D:3:      layout_basic, eino_tiny_chamber
D:4:      layout_basic, minmay_temple_entry_enclosed_plants

Skill      XL: |  1  2  3  4 |
---------------+-------------+-----
Axes           | 2 3 |  3.3
Fighting       | 4 |  4.3
Armour         | 4 |  4.0
Shields        | |  3.6

Action                   |  1- 3 |  4- 6 || total
-------------------------+-------+-------++-------
Melee: War axe           |    72 |    82 ||   154
  Use: Scroll            |       |     8 ||     8
       Potion            |       |     2 ||     2
Armor: Scale mail        |    44 |    45 ||    89
Dodge: Dodged            |    32 |    35 ||    67
Block: Buckler           |    14 |    31 ||    45

Table legend: (Time is in decaauts)
 A = Elapsed time spent in this place.
 B = Non-inter-level travel time spent in this place.
 C = Inter-level travel time spent in this place.
 D = Time resting spent in this place.
 E = Time spent auto-exploring this place.
 F = Levels seen in this place.
 G = Mean time per level.
                   A        B        C        D        E       F      G
               +--------+--------+--------+--------+--------+-----+--------+
         Total |   3192 |   3165 |     27 |    371 |   2249 |   4 |  798.0 |
       Dungeon |   3192 |   3165 |     27 |    371 |   2249 |   4 |  798.0 |
               +--------+--------+--------+--------+--------+-----+--------+

Top non-repeatable levels by time:
     D:1: 1444 daAuts
     D:3: 1203 daAuts
     D:2: 485 daAuts
     D:4: 58 daAuts
